PBL
COLORADO AVALANCHE @ MADISON BREWERS
05/09/2047
 
TOP OF THE 1ST
Colorado Avalanche batting - Pitching for Madison Brewers : LHP Hiroshi Matsuda
Pitching: LHP Hiroshi Matsuda
Batting: LHB Nick Martin 0-0: Foul Ball, location: 2F
0-1: Called Strike
0-2: Ball
1-2: Ball
2-2: Ground out 6-3 (Groundball, 6S, EV 68.8 MPH)
Batting: SHB Brad Madden 0-0: Ball
1-0: Ball
2-0: Ball
3-0: Base on Balls
Batting: RHB Eric Delgado 0-0: Ball
1-0: Ball
2-0: Ball
3-0: Base on Balls
Brad Madden to second
Batting: RHB Seisaburo Edagawa 0-0: Called Strike
0-1: Called Strike
0-2: Strikes out looking
Batting: LHB Mick Tucker 0-0: Foul Ball, location: 2F
0-1: Called Strike
0-2: Strikes out swinging
Top of the 1st over - 0 runs, 0 hits, 0 errors, 2 left on base; Colorado 0 - Madison 0
BOTTOM OF THE 1ST
Madison Brewers batting - Pitching for Colorado Avalanche : LHP Glenn Lowther
Pitching: LHP Glenn Lowther
Batting: RHB Lorenzo Diaz 0-0: Foul Ball, location: 2F
0-1: Swinging Strike
0-2: Ball
1-2: Ball
2-2: Ground out 5-3 (Groundball, 5, EV 85.6 MPH)
Batting: RHB Malcolm McCauley 0-0: Ball
1-0: Fly out, F7 (Flyball, 7, EV 91.2 MPH)
Batting: RHB Xiao-shuang Au 0-0: Foul Ball, location: 2F
0-1: Ball
1-1: Foul Ball, location: 2F
1-2: Ball
2-2: Strikes out looking
Bottom of the 1st over - 0 runs, 0 hits, 0 errors, 0 left on base; Colorado 0 - Madison 0
TOP OF THE 2ND
Colorado Avalanche batting - Pitching for Madison Brewers : LHP Hiroshi Matsuda
Batting: RHB Ryan Ward 0-0: Called Strike
0-1: Hit by Pitch
Batting: LHB Zane Kelton 0-0: Foul Ball, location: 2F
0-1: Grounds into double play, 4-6-3 (Groundball, 4, EV 89.4 MPH)
Batting: RHB Wali Mulogo 0-0: Ball
1-0: Called Strike
1-1: Called Strike
1-2: Strikes out looking
Top of the 2nd over - 0 runs, 0 hits, 0 errors, 0 left on base; Colorado 0 - Madison 0
BOTTOM OF THE 2ND
Madison Brewers batting - Pitching for Colorado Avalanche : LHP Glenn Lowther
Batting: LHB Dusty Bryant 0-0: Ball
1-0: Foul Ball, location: 2F
1-1: Ball
2-1: Ball
3-1: Called Strike
3-2: SINGLE (Flyball, 3D, EV 90.6 MPH)
Batting: RHB Manny Olave 0-0: Swinging Strike
0-1: Ball
1-1: Swinging Strike
1-2: Strikes out swinging
Batting: LHB Jesus Huante 0-0: Ball
1-0: Ball
2-0: Called Strike
2-1: Ball
3-1: Reached on error, E6 (Groundball, 6, EV 103.8 MPH)
Dusty Bryant to second
Batting: RHB Curtis Montgomery 0-0: Foul Ball, location: 2F
0-1: Foul Ball, location: 2F
0-2: Strikes out swinging
Batting: RHB Austin Doig 0-0: Ball
Balk!
Dusty Bryant to third
Jesus Huante to second
1-0: Ground out 3-1 (Groundball, 13, EV 86.2 MPH)
Bottom of the 2nd over - 0 runs, 1 hit, 1 error, 2 left on base; Colorado 0 - Madison 0
TOP OF THE 3RD
Colorado Avalanche batting - Pitching for Madison Brewers : LHP Hiroshi Matsuda
Batting: LHB Jerry Santana 0-0: Ball
1-0: Ground out 6-3 (Groundball, 6, EV 103.1 MPH)
Batting: LHB Nick Martin 0-0: Ball
1-0: Foul Ball, location: 2F
1-1: Ball
2-1: DOUBLE (Line Drive, 3D, EV 101.9 MPH)
Batting: SHB Brad Madden 0-0: Ball
1-0: Called Strike
1-1: Ball
2-1: Ground out 1-3 (Groundball, 15S, EV 66.2 MPH)
Batting: RHB Eric Delgado 0-0: Ball
1-0: Swinging Strike
1-1: Ball
2-1: Foul Ball, location: 2F
2-2: Foul Ball, location: 2F
2-2: Ball
3-2: Ground out 4-3 (Groundball, 4, EV 103.1 MPH)
Top of the 3rd over - 0 runs, 1 hit, 0 errors, 1 left on base; Colorado 0 - Madison 0
BOTTOM OF THE 3RD
Madison Brewers batting - Pitching for Colorado Avalanche : LHP Glenn Lowther
Batting: RHB Fernando Mejia 0-0: SINGLE (Flyball, 9LS, EV 91.2 MPH)
Batting: RHB Lorenzo Diaz 0-0: Ball
1-0: Foul Ball, location: 2F
1-1: Ball
2-1: Called Strike
2-2: Foul Ball, location: 2F
2-2: Grounds into double play, 6-4-3 (Groundball, 6D, EV 97.5 MPH)
Batting: RHB Malcolm McCauley 0-0: Ball
1-0: Ball
2-0: Foul Ball, location: 2F
2-1: Ball
3-1: Called Strike
3-2: Strikes out swinging
Bottom of the 3rd over - 0 runs, 1 hit, 0 errors, 0 left on base; Colorado 0 - Madison 0
TOP OF THE 4TH
Colorado Avalanche batting - Pitching for Madison Brewers : LHP Hiroshi Matsuda
Batting: RHB Seisaburo Edagawa 0-0: Called Strike
0-1: Ball
1-1: Fly out, F9 (Flyball, 9D, EV 106.9 MPH)
Batting: LHB Mick Tucker 0-0: Called Strike
0-1: Swinging Strike
0-2: Ball
1-2: Foul Ball, location: 2F
1-2: Ball
2-2: Ball
3-2: Base on Balls
Batting: RHB Ryan Ward 0-0: Ball
1-0: Foul Ball, location: 2F
1-1: Ball
2-1: DOUBLE (Line Drive, 78M, EV 107.5 MPH)
Mick Tucker to third
Batting: LHB Zane Kelton 0-0: Called Strike
0-1: Ground out 5-3 (Groundball, 56, EV 90.6 MPH)
Mick Tucker scores
Batting: RHB Wali Mulogo 0-0: Ball
1-0: Foul Ball, location: 2F
1-1: Foul Ball, location: 2F
1-2: Ball
2-2: Fly out, F7 (Flyball, 7S, EV 87.5 MPH)
Top of the 4th over - 1 run, 1 hit, 0 errors, 1 left on base; Colorado 1 - Madison 0
BOTTOM OF THE 4TH
Madison Brewers batting - Pitching for Colorado Avalanche : LHP Glenn Lowther
Batting: RHB Xiao-shuang Au 0-0: Called Strike
0-1: Ball
1-1: Foul Ball, location: 2F
1-2: Fly out, F9 (Flyball, 9D, EV 101.9 MPH)
Batting: LHB Dusty Bryant 0-0: Ball
1-0: Swinging Strike
1-1: Fly out, F4 (Popup, 4, EV 70.6 MPH)
Batting: RHB Manny Olave 0-0: SINGLE (Line Drive, 9S, EV 94.4 MPH)
Batting: LHB Jesus Huante 0-0: Ball
1-0: Called Strike
1-1: Swinging Strike
1-2: Fly out, F8 (Flyball, 8RM, EV 93.1 MPH)
Bottom of the 4th over - 0 runs, 1 hit, 0 errors, 1 left on base; Colorado 1 - Madison 0
TOP OF THE 5TH
Colorado Avalanche batting - Pitching for Madison Brewers : LHP Hiroshi Matsuda
Batting: LHB Jerry Santana 0-0: Ball
1-0: Swinging Strike
1-1: Ball
2-1: Hit by Pitch
Batting: LHB Nick Martin 0-0: DOUBLE (Line Drive, 89D, EV 107.5 MPH)
Jerry Santana to third
Batting: SHB Brad Madden 0-0: Ball
1-0: SINGLE (Line Drive, 6M, EV 103.1 MPH)
Jerry Santana scores
Nick Martin to third
Runner from 3rd tries for Home, SAFE, throw by CF to home
Brad Madden to second
Batting: RHB Eric Delgado 0-0: Foul Ball, location: 2F
0-1: Swinging Strike
0-2: Ball
1-2: Foul Ball, location: 2F
1-2: Ball
2-2: Ground out 1-3 (Groundball, 13S, EV 73.8 MPH)
Brad Madden to third
Pitching: LHP Juan Gonzalez
Batting: RHB Seisaburo Edagawa 0-0: Swinging Strike
0-1: Swinging Strike
0-2: Ball
1-2: Ball
2-2: Foul Ball, location: 2F
2-2: Foul Ball, location: 2F
2-2: Strikes out swinging
Batting: LHB Mick Tucker 0-0: Called Strike
0-1: Swinging Strike
0-2: Ball
1-2: Foul Ball, location: 2F
1-2: Strikes out looking
Top of the 5th over - 2 runs, 2 hits, 0 errors, 1 left on base; Colorado 3 - Madison 0
BOTTOM OF THE 5TH
Madison Brewers batting - Pitching for Colorado Avalanche : LHP Glenn Lowther
Batting: RHB Curtis Montgomery 0-0: Swinging Strike
0-1: Fly out, F8 (Flyball, 8RS, EV 93.1 MPH)
Batting: RHB Austin Doig 0-0: Ball
1-0: Swinging Strike
1-1: Foul Ball, location: 2F
1-2: Strikes out swinging
Batting: RHB Fernando Mejia 0-0: Foul Ball, location: 2F
0-1: Ball
1-1: Ball
2-1: Swinging Strike
2-2: Strikes out looking
Bottom of the 5th over - 0 runs, 0 hits, 0 errors, 0 left on base; Colorado 3 - Madison 0
TOP OF THE 6TH
Colorado Avalanche batting - Pitching for Madison Brewers : LHP Juan Gonzalez
Batting: RHB Ryan Ward 0-0: Foul Ball, location: 2F
0-1: Called Strike
0-2: Ball
1-2: Strikes out swinging
Batting: LHB Zane Kelton 0-0: Called Strike
0-1: Foul Ball, location: 2F
0-2: Strikes out looking
Batting: RHB Wali Mulogo 0-0: Ball
1-0: Swinging Strike
1-1: Ball
2-1: Ball
3-1: Swinging Strike
3-2: Strikes out swinging
Top of the 6th over - 0 runs, 0 hits, 0 errors, 0 left on base; Colorado 3 - Madison 0
BOTTOM OF THE 6TH
Madison Brewers batting - Pitching for Colorado Avalanche : LHP Glenn Lowther
Batting: RHB Lorenzo Diaz 0-0: Ball
1-0: Called Strike
1-1: Foul Ball, location: 2F
1-2: Strikes out swinging
Batting: RHB Malcolm McCauley 0-0: Ball
1-0: Called Strike
1-1: Fly out, F9 (Flyball, 9, EV 89.4 MPH)
Batting: RHB Xiao-shuang Au 0-0: Swinging Strike
0-1: Called Strike
0-2: Ball
1-2: Ground out 6-3 (Groundball, 6, EV 102.5 MPH)
Bottom of the 6th over - 0 runs, 0 hits, 0 errors, 0 left on base; Colorado 3 - Madison 0
TOP OF THE 7TH
Colorado Avalanche batting - Pitching for Madison Brewers : LHP Juan Gonzalez
Pinch Hitting: RHB Carlos Manriquez 0-0: Foul Ball, location: 2F
0-1: Ball
1-1: SINGLE (Line Drive, 4M, EV 103.8 MPH)
Batting: LHB Nick Martin 0-0: Ball
1-0: Bunted foul
1-1: Fly out, F5 (Line Drive, 5L, EV 68.8 MPH)
Lined into DP, 5-3 (Line Drive, 5L, EV 68.1 MPH)
Batting: SHB Brad Madden 0-0: Called Strike
0-1: SINGLE (Line Drive, 56D, EV 95.6 MPH)
Batting: RHB Eric Delgado 0-0: Called Strike
0-1: SINGLE (Line Drive, 8RS, EV 105.0 MPH)
Brad Madden to second
Batting: RHB Seisaburo Edagawa 0-0: Ball
1-0: Foul Ball, location: 2F
1-1: Ground out U3 (Groundball, 3, EV 104.4 MPH)
Top of the 7th over - 0 runs, 3 hits, 0 errors, 2 left on base; Colorado 3 - Madison 0
BOTTOM OF THE 7TH
Madison Brewers batting - Pitching for Colorado Avalanche : LHP Glenn Lowther
Pitching: LHP Ernesto Galindo
Now in CF: Ighlas Mwara
Batting: LHB Dusty Bryant 0-0: Foul Ball, location: 2F
0-1: Foul Ball, location: 2F
0-2: Ball
1-2: Ground out 4-3 (Groundball, 4, EV 86.2 MPH)
Batting: RHB Manny Olave 0-0: Ball
1-0: Foul Ball, location: 2F
1-1: Fly out, F4 (Popup, 4, EV 62.5 MPH)
Batting: LHB Jesus Huante 0-0: Called Strike
0-1: Ball
1-1: Foul Ball, location: 2F
1-2: Foul Ball, location: 2F
1-2: Strikes out looking
Bottom of the 7th over - 0 runs, 0 hits, 0 errors, 0 left on base; Colorado 3 - Madison 0
TOP OF THE 8TH
Colorado Avalanche batting - Pitching for Madison Brewers : LHP Juan Gonzalez
Batting: LHB Mick Tucker 0-0: Ball
1-0: Ball
2-0: Ball
3-0: Base on Balls
Batting: RHB Ryan Ward 0-0: Ball
1-0: Ball
2-0: Foul Ball, location: 2F
2-1: Grounds into double play, 5-4-3 (Groundball, 56, EV 85.0 MPH)
Batting: LHB Zane Kelton 0-0: Ball
1-0: Foul Ball, location: 2F
1-1: Fly out, F7 (Flyball, 7LM, EV 87.5 MPH)
Top of the 8th over - 0 runs, 0 hits, 0 errors, 0 left on base; Colorado 3 - Madison 0
BOTTOM OF THE 8TH
Madison Brewers batting - Pitching for Colorado Avalanche : LHP Ernesto Galindo
Now at 1B: Brad Madden
Now at 2B: Alfonso Chacon
Batting: RHB Curtis Montgomery 0-0: Foul Ball, location: 2F
0-1: Fly out, F3 (Popup, 23F, EV 86.9 MPH)
Batting: LHB Fumito Sakurai 0-0: Foul Ball, location: 2F
0-1: Foul Ball, location: 2F
0-2: Ball
1-2: Hit by Pitch
Pinch Hitting: LHB Andy Buschlen 0-0: Foul Ball, location: 2F
0-1: Foul Ball, location: 2F
0-2: DOUBLE (Flyball, 89D, EV 100.0 MPH)
Fumito Sakurai to third
Runner from 3rd tries for Home, SAFE, throw by RF to home
Batting: RHB Lorenzo Diaz 0-0: Swinging Strike
0-1: Called Strike
0-2: Foul Ball, location: 2F
0-2: Strikes out swinging
Pinch Hitting: RHB Daniel Pena 0-0: Called Strike
0-1: Swinging Strike
0-2: Strikes out swinging
Bottom of the 8th over - 1 run, 1 hit, 0 errors, 1 left on base; Colorado 3 - Madison 1
TOP OF THE 9TH
Colorado Avalanche batting - Pitching for Madison Brewers : LHP Juan Gonzalez
Now at 2B: Troy Morin
Now in CF: Andy Buschlen
Batting: RHB Wali Mulogo 0-0: Called Strike
0-1: Swinging Strike
0-2: Strikes out swinging
Batting: RHB Ighlas Mwara 0-0: Ball
1-0: Swinging Strike
1-1: Ball
2-1: Called Strike
2-2: Foul Ball, location: 2F
2-2: Ground out 4-3 (Groundball, 4M, EV 75.6 MPH)
Batting: LHB Nick Martin 0-0: Foul Ball, location: 2F
0-1: Called Strike
0-2: Ball
1-2: Ball
2-2: Foul Ball, location: 2F
2-2: Foul Ball, location: 2F
2-2: Foul Ball, location: 2F
2-2: Ball
3-2: Base on Balls
Pitching: RHP Dan Patino
Batting: SHB Brad Madden 0-0: SINGLE (Groundball, 34, EV 100.6 MPH)
Nick Martin to second
Runner from 2nd tries for 3rd, SAFE, throw by RF made at trailing runner, OUT! 9-6
Top of the 9th over - 0 runs, 1 hit, 0 errors, 1 left on base; Colorado 3 - Madison 1
BOTTOM OF THE 9TH
Madison Brewers batting - Pitching for Colorado Avalanche : LHP Ernesto Galindo
Batting: RHB Xiao-shuang Au 0-0: Called Strike
0-1: Ball
1-1: Ball
2-1: SINGLE (Line Drive, 7S, EV 94.4 MPH)
Pinch Hitting: RHB Mario Lopez 0-0: Ball
1-0: Ball
2-0: Fielders Choice at 2nd, 2-6 (Groundball, 13S, EV 72.5 MPH)
Batting: RHB Manny Olave 0-0: SINGLE (Groundball, 4MD, EV 103.1 MPH) (infield hit)
Mario Lopez to second
Pinch Hitting: RHB Frank Pena 0-0: Ball
1-0: SINGLE (Groundball, 6S, EV 70.0 MPH) (infield hit)
Mario Lopez to third
Manny Olave to second
Batting: RHB Curtis Montgomery 0-0: Called Strike
0-1: Called Strike
0-2: Foul Ball, location: 2F
0-2: Ball
1-2: Strikes out looking
Pitching: RHP Befikadu Mthuthuzeli
Batting: LHB Fumito Sakurai 0-0: Foul Ball, location: 2F
0-1: Ball
1-1: Swinging Strike
1-2: Ball
2-2: Strikes out swinging
Bottom of the 9th over - 0 runs, 3 hits, 0 errors, 3 left on base; Colorado 3 - Madison 1
Thursday, December 15th , 2022 - OOTP Baseball 23.9 Build 102